AoeStats
← Cap Sparrow3688

Hideout

509450794Analyzed
1v1 RM · 4d ago on Sep 26, 2026· 30m 2s· 2 players
Game mode
Random Map
Map size
Tiny (2 player)
Population
200
Speed
Normal
Resources
Standard
Victory
Conquest
Starting age
Dark Age
Ending age
Imperial Age
RankedLock teamsTeams togetherTeam positionsShared explorationLock speedFull tech treeHidden civsTurbo modeCheats
Victory
Defeat
🇨🇴 Hindustanis · Colombia
1195
+15
🇩🇪 Italians · Germany
1184
-15
jonas
9:37 Loom
11:29 Feudal Age
17:57 Castle Age
16:27 Double-Bit Axe
17:57 Scale Barding Armor
Cap Sparrow3688
7:55 Loom
11:01 Feudal Age
11:34 Man-at-Arms
15:21 Double-Bit Axe
18:07 Fletching
21:08 Scale Mail Armor
25:05 Castle Age
25:53 Squires
25:25 Pikeman
26:07 Town Watch
28:49 Wheelbarrow
29:07 Squires
Connection lost

Rejoining the realm…

Still unreachable

The connection could not be restored.

Session expired

The server has moved on; the page needs a fresh start.